 Dungeon Crawl Stone Soup version 0.29.1-2-gbd0b4ee654 (webtiles) character file.

Game seed: 17190074587584089640

4280 zeram the Basher (level 10, -8/86 HPs)
             Began as a Minotaur Fighter on Nov 23, 2022.
             Was a Believer of Qazlal.
             Mangled by a two-headed ogre
             ... wielding a +0 giant spiked club
              (15 damage)
             ... on level 8 of the Dungeon.
             The game lasted 00:17:22 (8909 turns).

zeram the Basher (Minotaur Fighter)                 Turns: 8909, Time: 00:17:22

Health: -8/86      AC: 20    Str: 25    XL:     10   Next: 10%
Magic:  9/9        EV:  8    Int:  5    God:    Qazlal [**....]
Gold:   477        SH:  0    Dex: 10    Spells: 9/9 levels left

rFire   . . .      SeeInvis .   G - +4 spear (vorpal)
rCold   . . .      Faith    .   c - +2 buckler
rNeg    . . .      Spirit   .   w - +2 plate armour
rPois   .          Reflect  .   (helmet restricted)
rElec   .          Harm     .   y - scarf {shadows}
rCorr   .          Rampage  .   (no gloves)
Will    +....                   (no boots)
Stlth   ..........              (no amulet)
HPRegen 0.24/turn               f - +4 ring of protection
MPRegen 0.11/turn               t - ring of willpower

@: confused, ambrosia-drunk
A: horns 2, retaliatory headbutt
a: Renounce Religion, Upheaval


You were on level 8 of the Dungeon.
You worshipped Qazlal.
Qazlal was pleased with you.
You visited 2 branches of the dungeon, and saw 9 of its levels.

You collected 477 gold pieces.

Inventory:

Hand Weapons
 a - a +0 war axe
 h - a +4 flail
 q - a +4 dire flail
 u - a +2 spectral club
 G - a +4 vorpal spear (weapon)
Armour
 b - a +0 scale mail
 c - a +2 buckler (worn)
 g - a +2 cloak
 v - a +4 scale mail
 w - a +2 plate armour (worn)
 y - a scarf of shadows (worn)
Jewellery
 f - a +4 ring of protection (left hand)
 t - a ring of willpower (right hand)
 A - a +6 ring of intelligence
Wands
 m - a wand of iceblast (22)
Scrolls
 r - 2 scrolls of poison
 x - a scroll of silence
 B - a scroll of teleportation
 F - 2 scrolls of enchant weapon
 H - a scroll of magic mapping
 I - a scroll of identify
 J - a scroll of summoning {unknown}
Potions
 d - a potion of might
 e - 3 potions of flight
 i - a potion of attraction
 j - 3 potions of magic
 k - a potion of degeneration {unknown}
 l - a potion of brilliance
 o - a potion of haste
 p - 2 potions of curing
 s - a potion of cancellation {unknown}
 z - a potion of heal wounds {unknown}
 C - 2 potions of mutation {unknown}
 D - a potion of lignification {unknown}
 E - a potion of invisibility {unknown}


   Skills:
 + Level 7.0 Fighting
 + Level 5.2(8.5) Axes
 + Level 10.0(10.5) Maces & Flails
 + Level 3.1(4.6) Polearms
 + Level 9.4 Armour
 + Level 3.0 Dodging
 - Level 1.2 Stealth
 + Level 7.7 Shields


You had 9 spell levels left.
You didn't know any spells.
Your spell library contained the following spells:

 Spells                   Type           Power      Damage    Failure   Level
 Beastly Appendage        Tmut           0%         N/A       100%        1
 Foxfire                  Conj/Fire      0%         2x1d4     100%        1
 Wereblood                Tmut           0%         N/A       100%        2
 Conjure Flame            Conj/Fire      0%         6-21      100%        3
 Inner Flame              Hex/Fire       0%         N/A       100%        3
 Spider Form              Tmut/Pois      0%         N/A       100%        3
 Cause Fear               Hex            0%         N/A       100%        4
 Flame Wave               Conj/Fire      0%         2d4       100%        4
 Malign Gateway           Summ/Tloc      0%         N/A       100%        7
 Borgnjor's Revivificati  Necr           0%         N/A       100%        8
 Discord                  Hex            0%         N/A       100%        8
 Necromutation            Tmut/Necr      0%         N/A       100%        8
 Summon Horrible Things   Summ           0%         N/A       100%        8
 Death's Door             Necr           0%         N/A       100%        9


Dungeon Overview and Level Annotations

Branches:
Dungeon (8/15)             Temple (1/1) D:4
   Lair: D:8-11

Altars:
Ashenzari
Cheibriados
Dithmenos
Elyvilon
Fedhas
Gozag
Hepliaklqana
Kikubaaqudgha
Makhleb
Nemelex Xobeh
Okawaru
Qazlal
Ru
Trog
Uskayaw
Vehumet
Wu Jian
Xom
Yredelemnul
Zin
The Shining One

Shops:
D:1 ?

Annotations:
D:5 1 runed translucent door


Innate Abilities, Weirdness & Mutations

You have a pair of horns on your head.
You reflexively headbutt those who attack you in melee.


Message History

The two-headed ogre hits you with a +0 giant spiked club!!
You block the two-headed ogre's attack.
You hit the two-headed ogre.
The two-headed ogre is moderately wounded.
The two-headed ogre hits you with a +0 giant spiked club!
The two-headed ogre hits you with a +0 giant spiked club.
You hit the two-headed ogre but do no damage.
The two-headed ogre is moderately wounded.
You hit the two-headed ogre.
Your headbutt misses the two-headed ogre.
The two-headed ogre is moderately wounded.
The two-headed ogre completely misses you.
You block the two-headed ogre's attack.
You puncture the two-headed ogre! You headbutt the two-headed ogre!
The two-headed ogre is severely wounded.
The orc wizard casts a spell.
The orc wizard flickers and vanishes!
Deactivating autopickup; reactivate with Ctrl-A.
You hit the two-headed ogre.
The two-headed ogre is almost dead.
The two-headed ogre hits you with a +0 giant spiked club!!
* * * LOW HITPOINT WARNING * * *
You block the two-headed ogre's attack.
You are confused.
You feel invigorated.
The two-headed ogre hits you with a +0 giant spiked club!
* * * LOW HITPOINT WARNING * * *
The two-headed ogre barely misses you.
You hit the two-headed ogre.
The two-headed ogre is almost dead.
You closely miss the two-headed ogre.
The two-headed ogre is almost dead.
The two-headed ogre hits you with a +0 giant spiked club!
* * * LOW HITPOINT WARNING * * *
The two-headed ogre hits you with a +0 giant spiked club!
* * * LOW HITPOINT WARNING * * *
The two-headed ogre attacks as you move away!
The two-headed ogre barely misses you.
The two-headed ogre hits you with a +0 giant spiked club!
You die...

#.### #.# ....###.#
≈≈≈..##.######
§≈≈..........#
_≈≈.##..####<# ####
§≈≈.##..####.# .....
≈§≈.##.....#.# #.....
§≈≈.##...#.#.#######o..##.
................@Ooo{.....
..####...#.#.#######....#.
.## #.......# ..#... ##
#####.### .## ## # #.# .#
###### #.# .# .....# #.#
.# ..##.# #.# .#.#.# #.#


You could see a two-headed ogre, an orc wizard and 2 orcs.

Vanquished Creatures
  The ghost of GigaChad the Covered, a novice MiFi of Yredelemnul (D:5)
  Sigmund (D:3)
  A wyvern (D:7)
  A steam dragon (D:8)
  Menkaure (D:4)
  2 ice beasts (D:6)
  2 sky beasts (D:7)
  An ogre (D:7)
  A centaur (D:7)
  3 phantoms
  A kobold brigand (D:7)
  A gnoll sergeant (D:7)
  Blork the orc (D:5)
  3 bullfrogs
  A scorpion (D:7)
  A wyvern zombie (D:7)
  4 necrophages
  13 wights
  An electric eel (D:8)
  5 hounds
  4 jellies
  6 orc priests
  A gnoll bouda (D:6)
  A human zombie (D:7)
  Ijyb (D:3)
  Natasha (D:4)
  3 iguanas
  10 orc wizards
  A killer bee zombie (D:7)
  5 mummies (D:7)
  A howler monkey zombie (D:7)
  3 adders
  9 gnolls
  A shadow imp (D:6)
  An ufetubus (D:5)
  2 worms (D:5)
  2 dart slugs
  28 orcs
  5 bats
  8 endoplasms
  7 giant cockroaches
  11 goblins
  A hobgoblin (D:1)
  10 jackals
  5 kobolds (D:7)
  3 quokkas
  6 ball pythons
  2 frilled lizards
  5 rats
188 creatures vanquished.

Vanquished Creatures (others)
  18 fungi (D:4)
  2 plants (D:3)
20 creatures vanquished.

Grand Total: 208 creatures vanquished

Notes
Turn   | Place    | Note
-------+----------+-------------------------------------------
     0 | D:1      | zeram the Minotaur Fighter began the quest for the Orb.
     0 | D:1      | Reached XP level 1. HP: 19/19 MP: 0/0
   301 | D:1      | Reached XP level 2. HP: 25/27 MP: 1/1
   533 | D:1      | Found Byihick's Magic Scroll Emporium.
   720 | D:2      | Reached XP level 3. HP: 31/33 MP: 2/2
  1410 | D:3      | Noticed Sigmund
  1416 | D:2      | Reached XP level 4. HP: 39/40 MP: 3/3
  2016 | D:3      | Killed Sigmund
  2017 | D:3      | Reached skill level 5 in Axes
  2017 | D:3      | Reached skill level 1 in Dodging
  2017 | D:3      | Reached XP level 5. HP: 36/47 MP: 4/4
  2022 | D:3      | Reached skill level 1 in Maces & Flails
  2022 | D:3      | Reached XP level 6. HP: 33/53 MP: 5/5
  2168 | D:3      | Noticed Ijyb
  2190 | D:3      | Killed Ijyb
  2191 | D:3      | Reached skill level 5 in Armour
  2463 | D:3      | Found a faded altar of an unknown god.
  2808 | D:3      | Found a bloodstained altar of Trog.
  3198 | D:4      | Noticed Menkaure
  3204 | D:4      | Killed Menkaure
  3205 | D:4      | Reached skill level 3 in Maces & Flails
  3205 | D:4      | Reached XP level 7. HP: 41/60 MP: 6/6
  3621 | D:4      | Found a staircase to the Ecumenical Temple.
  3621 | D:4      | Noticed Natasha
  3631 | D:4      | Killed Natasha
  3641 | Temple   | Entered the Ecumenical Temple
  3900 | D:4      | Reached skill level 4 in Maces & Flails
  4138 | D:5      | Entered Level 5 of the Dungeon
  4160 | D:5      | Reached skill level 5 in Shields
  4587 | D:5      | Found a runed translucent door.
  4636 | D:5      | Noticed GigaChad's ghost (novice MiFi)
  4658 | D:5      | Killed GigaChad's ghost
  4659 | D:5      | Reached skill level 5 in Fighting
  4659 | D:5      | Reached skill level 5 in Maces & Flails
  4659 | D:5      | Reached XP level 8. HP: 42/68 MP: 7/7
  4782 | D:5      | Found a runed translucent door.
  4952 | D:5      | Reached skill level 6 in Maces & Flails
  4998 | D:5      | Reached skill level 1 in Stealth
  5065 | D:5      | Noticed Blork the orc
  5072 | D:5      | Killed Blork the orc
  5255 | D:6      | Found an ancient bone altar of Kikubaaqudgha.
  5256 | D:6      | Found a shadowy altar of Dithmenos.
  5256 | D:6      | Found a broken altar of Ashenzari.
  5512 | D:6      | Found a stormy altar of Qazlal.
  5618 | D:6      | Reached skill level 7 in Maces & Flails
  5888 | D:6      | Became a worshipper of Qazlal Stormbringer
  5990 | D:6      | Found an ornate altar of the Wu Jian Council.
  5991 | D:6      | Found an opulent altar of Gozag.
  5998 | D:6      | Reached XP level 9. HP: 75/75 MP: 8/8
  6207 | D:6      | Reached skill level 8 in Maces & Flails
  6849 | D:7      | Found a basalt altar of Yredelemnul.
  6858 | D:7      | Reached * piety under Qazlal
  6868 | D:7      | Reached skill level 9 in Maces & Flails
  7762 | D:7      | Reached skill level 1 in Polearms
  8117 | D:8      | Reached skill level 10 in Maces & Flails
  8249 | D:8      | Reached XP level 10. HP: 76/86 MP: 9/9
  8294 | D:8      | Reached ** piety under Qazlal
  8733 | D:8      | Found a glowing silver altar of Zin.
  8892 | D:8      | Noticed a two-headed ogre
  8909 | D:8      | Mangled by a two-headed ogre

Illustrated notes

Levels and vault maps discovered:
D:1:      matt_arrival_spirals, layout_loops_ring, serial_shops, shop_statue
D:2:      layout_basic
D:3:      kennysheep_the_goblin_king, layout_rooms, lightli_temple_of_fire,
          nicolae_ecumenical_pavilion, serial_bayou_pond_c,
          minmay_misc_feat_hallway, uniq_sigmund
D:4:      layout_loops_ring, minmay_temple_entry_poolview, serial_aquarium,
          aquarium_bridge_straight [aquarium_subvault_bridge,
          aquarium_subvault_window, aquarium_subvault_bridge,
          aquarium_subvault_window], aquarium_bridge_square
          [aquarium_subvault_bridge, aquarium_subvault_bridge,
          aquarium_subvault_wall, aquarium_subvault_window], aquarium_window_2,
          aquarium_window_corner, aquarium_window_corner, aquarium_window_2,
          aquarium_view_2c, aquarium_balcony_3b, aquarium_pool_S, uniq_natasha,
          uniq_menkaure
D:5:      minmay_inner_zag, layout_basic, ebering_ghost_sewer_f,
          uniq_blork_the_orc
D:6:      layout_basic, nicolae_overflow_hidden_temple,
          nicolae_overflow_quartered_altars
D:7:      layout_loops_corners, lemuel_mausoleum_altar_yredelemnul, st_stairs_7,
          kennysheep_generic_room_11
D:8:      layout_loops_corners, general_overflow_altar, minmay_crystal_water
Temple:   nicolae_temple_godzebo

Skill      XL: |  1  2  3  4  5  6  7  8  9 10 |
---------------+-------------------------------+-----
Fighting       | 4 5 6 7 |  7.0
Axes           | 3 5 |  5.2
Armour         | 4 5 7 9 |  9.4
Shields        | 4 5 6 7 |  7.7
Dodging        | 1 2 3 |  3.0
Maces & Flails | 1 3 5 7 10 | 10.0
Stealth        | 1 |  1.2
Polearms       | 2 3 |  3.1

Action                   |  1- 3 |  4- 6 |  7- 9 | 10-12 || total
-------------------------+-------+-------+-------+-------++-------
Melee: War axe           |    68 |     3 |       |       ||    71
       Headbutt          |     8 |    15 |    71 |     7 ||   101
       Flail             |       |    76 |   322 |       ||   398
       Spear             |       |       |    67 |    75 ||   142
  Use: Scroll            |     7 |     3 |    11 |       ||    21
       Potion            |       |       |       |     1 ||     1
Armor: Scale mail        |    36 |    47 |    58 |       ||   141
       Plate armour      |       |       |   150 |    35 ||   185
Dodge: Dodged            |    41 |    47 |   100 |    15 ||   203
Block: Buckler           |    22 |    22 |   112 |    35 ||   191
